 Dungeon Crawl Stone Soup version 0.19.4-8-ga85b6b9 (webtiles) character file.

3655 Gargoyl the Chopper (level 10, -8/83 HPs)
             Began as a Ghoul Abyssal Knight on Feb 6, 2017.
             Was an Elder of Lugonu.
             Mangled by an orc warrior
             ... wielding a cursed -3 hand axe
              (12 damage)
             ... on level 9 of the Dungeon.
             The game lasted 00:17:53 (7624 turns).

Gargoyl the Chopper (Ghoul Abyssal Knight)          Turns: 7624, Time: 00:17:53

Health: -8/83      AC: 15    Str: 18    XL:     10   Next: 12%
Magic:  13/13      EV:  7    Int: 10    God:    Lugonu [****..]
Gold:   526        SH: 15    Dex: 14    Spells: 0 memorised, 9 levels left

rFire  + . .     SeeInvis +     i - +4 war axe
rCold  + + .     Gourm    .     f - +0 chain mail
rNeg   + + +     Faith    .     r - +1 large shield
rPois  ∞         Spirit   .     C - +2 hat
rElec  .         Reflect  .     g - +2 cloak
rCorr  .         Harm     .     (no gloves)
MR     .....                    (no boots)
Stlth  ..........               l - amulet of magic regeneration
                                m - +3 ring of evasion
                                e - ring of Intercession {rF+ rC+ Int+3 Dex+4 SInv}

@: rotting
A: rotting body, claws 1, carnivore 3, cold resistance 1, negative energy
resistance 3, slow regeneration 1, torment resistance, unbreathing
a: Depart the Abyss, Bend Space, Banish, Corrupt, Renounce Religion


You were on level 9 of the Dungeon.
You worshipped Lugonu.
Lugonu was greatly pleased with you.
You were not hungry.

You visited 1 branch of the dungeon, and saw 9 of its levels.
You visited the Abyss 1 time.

You collected 526 gold pieces.

Inventory:

Hand Weapons
 a - a +2 hand axe
 i - a +4 war axe (weapon)
 q - a +0 war axe
Missiles
 G - 7 javelins (quivered)
Armour
 f - a +0 chain mail (worn)
 g - a +2 cloak (worn)
 r - a +1 large shield (worn)
 C - a +2 hat (worn)
Jewellery
 e - the ring of Intercession (left claw) {rF+ rC+ Int+3 Dex+4 SInv}
   (You found it on level 2 of the Abyss)

   [ring of intelligence]

   It affects your intelligence (+3).
   It affects your dexterity (+4).
   It protects you from fire.
   It protects you from cold.
   It lets you see invisible.
 h - the ring of the Unkillable {rPois rF+ MR+, unknown}
   (You found it on level 8 of the Dungeon)

   [ring of poison resistance]

   It protects you from fire.
   It protects you from poison.
   It affects your resistance to hostile enchantments.
 l - an amulet of magic regeneration (around neck)
 m - a +3 ring of evasion (right claw)
 v - an uncursed ring of protection from fire
 D - an uncursed ring of protection from cold
Wands
 d - a wand of slowing (6/48)
 n - a wand of lightning (11/15)
 u - a wand of polymorph (1/24)
 w - a wand of iceblast (3/15)
 y - a wand of heal wounds (4/9)
 A - a wand of lightning (0/15)
 B - a wand of digging (9/24)
Scrolls
 k - 2 scrolls of remove curse
 p - a scroll of fog
 x - 3 scrolls of blinking
Potions
 j - a potion of magic
 z - a potion of brilliance
Comestibles
 b - 3 beef jerkies
 c - 2 meat rations
 o - a slice of pizza


   Skills:
 + Level 6.0 Fighting
 + Level 7.1 Axes
 * Level 6.6 Armour
 + Level 2.1 Dodging
 + Level 5.5 Shields
 * Level 6.4 Invocations


You had 9 spell levels left.
You didn't know any spells.

Dungeon Overview and Level Annotations

Branches:
Dungeon (9/15)             Temple (0/1) D:5
   Lair: D:8-11         Orc: D:9-12

Altars:
Fedhas
Gozag
Sif Muna
Yredelemnul
The Shining One

Shops:
D:5 }


Innate Abilities, Weirdness & Mutations

Your body is rotting away.
You thrive on raw meat.
You are immune to poison.
You have sharp fingernails.
You are carnivorous and can eat meat at any time.
Your flesh is cold resistant. (rC+)
You are immune to negative energy. (rN+++)
You regenerate slowly when monsters are visible.
You are immune to unholy pain and torment.
You can survive without breathing.


Message History

You block the orc priest's attack. You block the orc warrior's attack.
You closely miss the orc priest.
The orc priest is almost dead.
You closely miss the orc warrior.
The orc priest mumbles some strange prayers to Beogh against you.
Beogh smites you!
* * * LOW HITPOINT WARNING * * *
You block the orc warrior's attack.
You barely miss the orc priest.
The orc priest is almost dead.
You closely miss the orc warrior.
The orc priest hits you but does no damage.
The orc warrior hits you with a hand axe!
* * * LOW HITPOINT WARNING * * *
Your shield and chain mail prevent you from hitting the orc priest.
The orc priest is almost dead.
Your shield prevents you from hitting the orc warrior.
You block the orc priest's attack.
The orc warrior hits you with a hand axe!
You die...

####################
....................
#....!..<......##
#.####.)o..((.......#
#......@).............
#.....o.######.....###
#.....#.# #######
#.....#.# #.... #.+
#.... #.# #... #.#
#... ..#


You could see an orc warrior and an orc priest.

Vanquished Creatures
  Pikel (D:4)
  Sigmund (D:3)
  Eustachio (D:5)
  Grum (D:8)
  Duvessa (D:5)
  An ice beast (D:5)
  An orc warrior (D:7)
  A phantom (D:8)
  2 wolves
  6 ogres
  A centaur (D:5)
  2 bullfrogs (D:8)
  2 big kobolds (D:8)
  Dowan (D:5)
  3 scorpions
  2 howler monkeys (D:6)
  4 killer bees (D:7)
  A crimson imp (D:5)
  A hound (D:4)
  2 orc priests (D:5)
  9 orc wizards
  2 bullfrog skeletons
  Crazy Yiuf (D:2)
  An iron imp (D:5)
  A centaur skeleton (D:5)
  5 worker ants
  A hound zombie (D:5)
  4 gnolls
  12 adders
  A shadow imp (D:7)
  An adder zombie (D:7)
  5 worms
  4 dart slugs
  4 leopard geckos
  30 orcs
  2 ball pythons
  6 bats
  4 giant cockroaches
  7 goblins
  8 hobgoblins
  5 jackals
  2 quokkas
  5 frilled lizards
  A goblin skeleton (D:5)
  4 hobgoblin zombies (D:5)
  16 kobolds
  A kobold skeleton (D:5)
  2 kobold zombies (D:5)
  An orc zombie (D:5)
  A quokka skeleton (D:7)
  A quokka zombie (D:6)
  10 rats
192 creatures vanquished.

Vanquished Creatures (others)
  A slave (D:4)
  3 gnolls (D:4)
4 creatures vanquished.

Grand Total: 196 creatures vanquished

Notes
Turn   | Place    | Note
-------+----------+-------------------------------------------
     0 | Abyss:1  | Gargoyl the Ghoul Abyssal Knight began the quest for the Orb.
     0 | Abyss:1  | Reached XP level 1. HP: 19/19 MP: 1/1
    57 | Abyss:2  | Got a heavily runed glass ring
    71 | Abyss:2  | Identified the ring of Intercession {rF+ rC+ Int+3 Dex+4 SInv} (You found it on level 2 of the Abyss)
    84 | Abyss:2  | Noticed a tentacled starspawn
    84 | D:1      | Escaped the Abyss
   145 | D:1      | Reached skill level 1 in Dodging
   194 | D:1      | Reached XP level 2. HP: 26/26 MP: 2/2
   245 | D:1      | Reached skill level 2 in Axes
   251 | D:1      | Reached * piety under Lugonu
   291 | D:1      | Reached XP level 3. HP: 32/33 MP: 3/3
   820 | D:2      | Found a blossoming altar of Fedhas.
   931 | D:2      | Reached XP level 4. HP: 29/39 MP: 4/4
  1015 | D:2      | Reached ** piety under Lugonu
  1619 | D:2      | Found a runed door.
  1649 | D:2      | Noticed Crazy Yiuf
  1658 | D:2      | Killed Crazy Yiuf
  1658 | D:2      | Reached XP level 5. HP: 31/46 MP: 6/6
  1880 | D:3      | Found a basalt altar of Yredelemnul.
  1880 | D:3      | Noticed Sigmund
  1895 | D:3      | Killed Sigmund
  1895 | D:3      | Reached skill level 3 in Axes
  1895 | D:3      | Reached XP level 6. HP: 47/52 MP: 7/7
  2009 | D:3      | Found an opulent altar of Gozag.
  2401 | D:3      | Reached *** piety under Lugonu
  2740 | D:4      | Reached XP level 7. HP: 60/60 MP: 8/8
  2844 | D:4      | Reached skill level 4 in Axes
  2868 | D:4      | Noticed Pikel
  2906 | D:4      | Killed Pikel
  2906 | D:4      | Reached skill level 1 in Shields
  2906 | D:4      | Reached XP level 8. HP: 54/67 MP: 8/10
  3153 | D:4      | Reached skill level 5 in Axes
  3381 | D:5      | Entered Level 5 of the Dungeon
  3500 | D:5      | Noticed Eustachio
  3544 | D:5      | Reached skill level 5 in Fighting
  3585 | D:5      | Killed Eustachio
  3585 | D:5      | Reached skill level 5 in Armour
  3717 | D:5      | Reached skill level 5 in Invocations
  3779 | D:5      | Found Ynuc Soq's Gadget Boutique.
  3876 | D:5      | You fall through a shaft!
  4100 | D:5      | Reached XP level 9. HP: 61/74 MP: 11/11
  4144 | D:5      | Found a deep blue altar of Sif Muna.
  4179 | D:5      | Noticed Duvessa
  4182 | D:5      | Noticed Dowan
  4190 | D:5      | Killed Duvessa
  4190 | D:5      | Reached **** piety under Lugonu
  4235 | D:5      | Killed Dowan
  4488 | D:5      | Found a staircase to the Ecumenical Temple.
  4554 | D:5      | Found a glowing golden altar of the Shining One.
  5687 | D:6      | Reached skill level 6 in Axes
  6750 | D:8      | Got a glittering steel ring
  6967 | D:8      | Reached skill level 5 in Shields
  7152 | D:8      | Reached XP level 10. HP: 83/83 MP: 13/13
  7208 | D:8      | Noticed Grum
  7243 | D:8      | Killed Grum
  7243 | D:8      | Reached skill level 7 in Axes
  7623 | D:9      | HP: 3/83 [orc warrior/hand axe (9)]
  7624 | D:9      | Mangled by an orc warrior

Skill      XL: |  1  2  3  4  5  6  7  8  9 10 |
---------------+-------------------------------+-----
Dodging        | 1 2 |  2.1
Axes           | 2 3 4 5 6 7 |  7.1
Armour         | 2 3 4 5 6 |  6.6
Fighting       | 4 5 6 |  6.0
Invocations    | 3 4 5 6 |  6.4
Shields        | 1 4 5 |  5.5

Action                   |  1- 3 |  4- 6 |  7- 9 | 10-12 || total
-------------------------+-------+-------+-------+-------++-------
Melee: Hand axe          |   150 |   164 |   237 |       ||   551
       War axe           |       |       |   214 |    66 ||   280
Throw: Tomahawk          |       |       |     1 |       ||     1
Invok: Depart the Abyss  |     1 |       |       |       ||     1
Evoke: Wand              |       |       |     1 |       ||     1
  Use: Scroll            |     3 |     9 |    19 |       ||    31
       Potion            |       |     5 |     9 |       ||    14
  Eat: Chunk             |    18 |    23 |    62 |     5 ||   108
Armor: Chain mail        |   112 |    89 |   290 |    50 ||   541
Dodge: Dodged            |    54 |    58 |   141 |    29 ||   282
Block: Buckler           |    13 |    30 |       |       ||    43
       Large shield      |       |     6 |   430 |   124 ||   560
